TOP OF THE 1ST |
Penquannock Overrated Jeter batting - Pitching for Wilmington Rebels : RHP Esteban Ramírez
|
Pitching: RHP Esteban Ramírez
|
|
Batting: RHB Aaron Holt
|
0-0: SINGLE (Groundball, 56D)
|
Batting: RHB Phil Wright
|
0-0: Ball Aaron Holt steals 2nd base 1-0: Ball Passed Ball! Aaron Holt to third 2-0: Fly out, F9 (Flyball, 9) Runner from 3rd tags up, SCORES, no throw
|
Batting: RHB Bernardo Enríquez
|
0-0: Called Strike 0-1: Ball 1-1: Called Strike 1-2: SINGLE (Groundball, 56D)
|
Batting: RHB José Velásquez
|
0-0: Called Strike 0-1: Called Strike 0-2: Grounds into double play, 6-4-3 (Groundball, 6)
|
Top of the 1st over - 1 run(s), 2 hit(s), 0 error(s), 0 left on base; Penquannock 1 - Wilmington 0 |
BOTTOM OF THE 1ST |
Wilmington Rebels batting - Pitching for Penquannock Overrated Jeter : RHP Dave Funk
|
Pitching: RHP Dave Funk
|
|
Batting: LHB Larry Smith
|
0-0: Foul Ball, location: 2F 0-1: SOLO HOME RUN (Flyball, 8LXD), Distance : 413 ft
|
Batting: RHB Henry Dawson
|
0-0: Called Strike 0-1: Hit by Pitch, AND HE CHARGES THE MOUND! The benches clear!
|
Pitching: RHP Leonard Christensen
|
|
Pinch Runner at 1st Ignacio Rangel:
|
|
Batting: RHB Remi Eruzione
|
0-0: Ball Ignacio Rangel is caught stealing 2nd base 1-0: Foul Ball, location: 2F 1-1: Foul Ball, location: 2F 1-2: Ball 2-2: SOLO HOME RUN (Flyball, 78XD), Distance : 389 ft
|
Batting: RHB Eugene Allen
|
0-0: Fly out, F9 (Flyball, 89M)
|
Batting: RHB Al Reese
|
0-0: Ball 1-0: Called Strike 1-1: Ball 2-1: Foul Ball, location: 2F 2-2: Fly out, F8 (Line Drive, 78D)
|
Bottom of the 1st over - 2 run(s), 2 hit(s), 0 error(s), 0 left on base; Penquannock 1 - Wilmington 2 |
TOP OF THE 2ND |
Penquannock Overrated Jeter batting - Pitching for Wilmington Rebels : RHP Esteban Ramírez
|
Now at 2B: Ignacio Rangel
|
|
Batting: LHB Pete Weber
|
0-0: Called Strike 0-1: Ball 1-1: Swinging Strike 1-2: Foul Ball, location: 2F 1-2: Ground out 4-3 (Groundball, 4)
|
Batting: LHB Tony Green
|
0-0: Called Strike 0-1: Ball 1-1: Swinging Strike 1-2: Foul Ball, location: 2F 1-2: Foul Ball, location: 2F 1-2: Ball 2-2: Ball 3-2: Base on Balls
|
Batting: LHB Matt Reese
|
0-0: Ball 1-0: Swinging Strike 1-1: Ball 2-1: Called Strike 2-2: Ball Wild Pitch! Tony Green to second 3-2: Base on Balls
|
Batting: RHB Manny Perea
|
0-0: Ball 1-0: Ball 2-0: Called Strike 2-1: Ball 3-1: Foul Ball, location: 2F 3-2: Base on Balls Tony Green to third Matt Reese to second
|
Batting: RHB Barton Frazier
|
0-0: SINGLE (Groundball, 6MD) Tony Green scores Matt Reese to third Manny Perea to second Runner from 3rd tries for Home, throw and OUT! Manny Perea to third Barton Frazier to second
|
Batting: RHB Aaron Holt
|
0-0: Called Strike 0-1: Called Strike 0-2: Ball 1-2: Ground out 5-3 (Groundball, 56S)
|
Top of the 2nd over - 1 run(s), 1 hit(s), 0 error(s), 2 left on base; Penquannock 2 - Wilmington 2 |
BOTTOM OF THE 2ND |
Wilmington Rebels batting - Pitching for Penquannock Overrated Jeter : RHP Leonard Christensen
|
Batting: RHB Juan Jose Mendoza
|
0-0: Fly out, F9 (Flyball, 89M)
|
Batting: RHB Sergio Moreno
|
0-0: Ball 1-0: Swinging Strike 1-1: Foul Ball, location: 2F 1-2: Ball 2-2: Foul Ball, location: 2F 2-2: Foul Ball, location: 2F 2-2: Strikes out swinging
|
Batting: RHB Anastasio Movonda
|
0-0: Foul Ball, location: 2F 0-1: Ball 1-1: SINGLE (Line Drive, 9S)
|
Batting: RHB Andrew Deal
|
0-0: Ball 1-0: Ball 2-0: Called Strike 2-1: Fly out, F4 (Line Drive, 4M)
|
Bottom of the 2nd over - 0 run(s), 1 hit(s), 0 error(s), 1 left on base; Penquannock 2 - Wilmington 2 |
TOP OF THE 3RD |
Penquannock Overrated Jeter batting - Pitching for Wilmington Rebels : RHP Esteban Ramírez
|
Batting: RHB Phil Wright
|
0-0: Ball 1-0: Ground out 4-3 (Groundball, 4)
|
Batting: RHB Bernardo Enríquez
|
0-0: Called Strike 0-1: Foul Ball, location: 2F 0-2: Ball 1-2: Ball 2-2: Foul Ball, location: 2F 2-2: Ball 3-2: Base on Balls
|
Batting: RHB José Velásquez
|
0-0: Ball 1-0: Foul Ball, location: 2F 1-1: Reached on error, E6 (Groundball, 6) Bernardo Enríquez to second
|
Batting: LHB Pete Weber
|
0-0: Foul Ball, location: 2F 0-1: Ball 1-1: Foul Ball, location: 2F 1-2: Fly out, F8 (Flyball, 78M)
|
Batting: LHB Tony Green
|
0-0: Ground out U3 (Groundball, 34)
|
Top of the 3rd over - 0 run(s), 0 hit(s), 1 error(s), 2 left on base; Penquannock 2 - Wilmington 2 |
BOTTOM OF THE 3RD |
Wilmington Rebels batting - Pitching for Penquannock Overrated Jeter : RHP Leonard Christensen
|
Batting: LHB Larry Smith
|
0-0: Ball 1-0: Bunted foul 1-1: Swinging Strike 1-2: Ball 2-2: Strikes out swinging
|
Batting: RHB Ignacio Rangel
|
0-0: Fly out, F7 (Flyball, 7)
|
Batting: RHB Remi Eruzione
|
0-0: Ball 1-0: Called Strike 1-1: Swinging Strike 1-2: Foul Ball, location: 2F 1-2: Ball 2-2: Ball 3-2: Ground out 6-3 (Groundball, 6)
|
Bottom of the 3rd over - 0 run(s), 0 hit(s), 0 error(s), 0 left on base; Penquannock 2 - Wilmington 2 |
TOP OF THE 4TH |
Penquannock Overrated Jeter batting - Pitching for Wilmington Rebels : RHP Esteban Ramírez
|
Batting: LHB Matt Reese
|
0-0: Foul Ball, location: 2F 0-1: Ball 1-1: Swinging Strike 1-2: Foul Ball, location: 2F 1-2: Ball 2-2: Ball 3-2: Ground out U3 (Groundball, 34)
|
Batting: RHB Manny Perea
|
0-0: Called Strike 0-1: Fly out, F8 (Flyball, 89M)
|
Batting: RHB Barton Frazier
|
0-0: Ball 1-0: Foul Ball, location: 2F 1-1: Ball 2-1: Ball 3-1: Swinging Strike 3-2: Foul Ball, location: 2F 3-2: Foul Ball, location: 2F 3-2: Strikes out swinging
|
Top of the 4th over - 0 run(s), 0 hit(s), 0 error(s), 0 left on base; Penquannock 2 - Wilmington 2 |
BOTTOM OF THE 4TH |
Wilmington Rebels batting - Pitching for Penquannock Overrated Jeter : RHP Leonard Christensen
|
Batting: RHB Eugene Allen
|
0-0: Ball 1-0: Called Strike 1-1: SINGLE (Groundball, 6MD)
|
Batting: RHB Al Reese
|
0-0: Hit by Pitch Eugene Allen to second
|
Batting: RHB Juan Jose Mendoza
|
0-0: Called Strike 0-1: Swinging Strike 0-2: Strikes out swinging
|
Batting: RHB Sergio Moreno
|
0-0: Swinging Strike 0-1: Ball 1-1: Called Strike 1-2: Ball 2-2: Ball 3-2: Strikes out looking
|
Batting: RHB Anastasio Movonda
|
0-0: Ball 1-0: Swinging Strike 1-1: Ball 2-1: Foul Ball, location: 2F 2-2: Ball 3-2: Strikes out looking
|
Bottom of the 4th over - 0 run(s), 1 hit(s), 0 error(s), 2 left on base; Penquannock 2 - Wilmington 2 |
TOP OF THE 5TH |
Penquannock Overrated Jeter batting - Pitching for Wilmington Rebels : RHP Esteban Ramírez
|
Batting: RHB Aaron Holt
|
0-0: Called Strike 0-1: Ball 1-1: SINGLE (Groundball, 6D)
|
Batting: RHB Phil Wright
|
0-0: Called Strike 0-1: Ball 1-1: Called Strike Aaron Holt steals 2nd base 1-2: Ball 2-2: Strikes out swinging
|
Batting: RHB Bernardo Enríquez
|
0-0: Ball 1-0: Called Strike 1-1: Ball 2-1: Ground out 5-3 (Groundball, 56)
|
Batting: RHB José Velásquez
|
0-0: Called Strike 0-1: Ball 1-1: Ground out 5-3 (Groundball, 5)
|
Top of the 5th over - 0 run(s), 1 hit(s), 0 error(s), 1 left on base; Penquannock 2 - Wilmington 2 |
BOTTOM OF THE 5TH |
Wilmington Rebels batting - Pitching for Penquannock Overrated Jeter : RHP Leonard Christensen
|
Batting: RHB Andrew Deal
|
0-0: Ball 1-0: Called Strike 1-1: Foul Ball, location: 2F 1-2: Strikes out looking
|
Pitching: LHP Héctor Díaz
|
|
Batting: LHB Larry Smith
|
0-0: Foul Ball, location: 2F 0-1: Swinging Strike 0-2: Foul Ball, location: 2F 0-2: Strikes out swinging
|
Batting: RHB Ignacio Rangel
|
0-0: Ball 1-0: Ball 2-0: Ball 3-0: Base on Balls
|
Batting: RHB Remi Eruzione
|
0-0: Called Strike 0-1: Called Strike 0-2: Ball 1-2: Ball Passed Ball! Ignacio Rangel to second 2-2: Foul Ball, location: 2F 2-2: Ball 3-2: Ground out 6-3 (Groundball, 6)
|
Bottom of the 5th over - 0 run(s), 0 hit(s), 0 error(s), 1 left on base; Penquannock 2 - Wilmington 2 |
TOP OF THE 6TH |
Penquannock Overrated Jeter batting - Pitching for Wilmington Rebels : RHP Esteban Ramírez
|
Batting: LHB Pete Weber
|
0-0: Ball 1-0: Ball 2-0: Called Strike 2-1: Ball 3-1: Base on Balls
|
Pitching: LHP Miguel Valentín
|
|
Batting: LHB Tony Green
|
0-0: Swinging Strike 0-1: Ball 1-1: Ball 2-1: Ball 3-1: Called Strike 3-2: Base on Balls Pete Weber to second
|
Batting: LHB Matt Reese
|
0-0: Called Strike 0-1: Ball 1-1: Fly out, F2 (Popup, 23)
|
Batting: RHB Manny Perea
|
0-0: Swinging Strike 0-1: Ball 1-1: SINGLE (Groundball, 56D) Pete Weber to third Tony Green to second
|
Batting: RHB Barton Frazier
|
0-0: Called Strike 0-1: Ball 1-1: Foul Ball, location: 2F 1-2: Strikes out swinging
|
Batting: RHB Aaron Holt
|
0-0: Ball 1-0: DOUBLE (Groundball, 5L) Pete Weber scores Tony Green scores Manny Perea to third Runner from 3rd tries for Home, throw and OUT!
|
Top of the 6th over - 2 run(s), 2 hit(s), 0 error(s), 1 left on base; Penquannock 4 - Wilmington 2 |
BOTTOM OF THE 6TH |
Wilmington Rebels batting - Pitching for Penquannock Overrated Jeter : LHP Héctor Díaz
|
Batting: RHB Eugene Allen
|
0-0: Ball 1-0: Called Strike 1-1: Foul Ball, location: 2F 1-2: Fly out, F8 (Line Drive, 8LD)
|
Batting: RHB Al Reese
|
0-0: Ball 1-0: Called Strike 1-1: Foul Ball, location: 2F 1-2: Strikes out swinging
|
Batting: RHB Juan Jose Mendoza
|
0-0: Called Strike 0-1: Ball 1-1: Called Strike 1-2: Ball 2-2: Strikes out looking
|
Bottom of the 6th over - 0 run(s), 0 hit(s), 0 error(s), 0 left on base; Penquannock 4 - Wilmington 2 |
TOP OF THE 7TH |
Penquannock Overrated Jeter batting - Pitching for Wilmington Rebels : LHP Miguel Valentín
|
Batting: RHB Phil Wright
|
0-0: Called Strike 0-1: Ball 1-1: SINGLE (Groundball, 6MD)
|
Batting: RHB Bernardo Enríquez
|
0-0: Fly out, F8 (Flyball, 8LXD)
|
Batting: RHB José Velásquez
|
0-0: Ball 1-0: Ball 2-0: Fly out, F7 (Flyball, 7)
|
Batting: LHB Pete Weber
|
0-0: Ball 1-0: Ball 2-0: Ball 3-0: Swinging Strike 3-1: Base on Balls Phil Wright to second
|
Pinch Hitting: RHB Armando Pagán
|
0-0: Ball 1-0: Fielders Choice at 2nd, 5-4 (Groundball, 56)
|
Top of the 7th over - 0 run(s), 1 hit(s), 0 error(s), 1 left on base; Penquannock 4 - Wilmington 2 |
BOTTOM OF THE 7TH |
Wilmington Rebels batting - Pitching for Penquannock Overrated Jeter : LHP Héctor Díaz
|
Now in LF: Armando Pagán
|
|
Batting: RHB Sergio Moreno
|
0-0: Swinging Strike 0-1: Ground out 6-3 (Groundball, 6)
|
Pitching: RHP César Villanueva
|
|
Batting: RHB Anastasio Movonda
|
0-0: Fly out, F4 (Line Drive, 4)
|
Batting: RHB Andrew Deal
|
0-0: Ball 1-0: Ball 2-0: Called Strike 2-1: Swinging Strike 2-2: Strikes out swinging
|
Bottom of the 7th over - 0 run(s), 0 hit(s), 0 error(s), 0 left on base; Penquannock 4 - Wilmington 2 |
TOP OF THE 8TH |
Penquannock Overrated Jeter batting - Pitching for Wilmington Rebels : LHP Miguel Valentín
|
Batting: LHB Matt Reese
|
0-0: Ball 1-0: Foul Ball, location: 2F 1-1: Ball 2-1: Foul Ball, location: 2F 2-2: Foul Ball, location: 2F 2-2: Ball 3-2: Base on Balls
|
Batting: RHB Manny Perea
|
0-0: Foul Ball, location: 2F 0-1: DOUBLE (Line Drive, 7LM) Matt Reese to third
|
Batting: RHB Barton Frazier
|
0-0: Intentional Walk
|
Pinch Hitting: RHB Yale Julien
|
0-0: Ball 1-0: Foul Ball, location: 2F 1-1: Foul Ball, location: 2F 1-2: Grounds into double play, 4-2-3 (Groundball, 4) Manny Perea to third Barton Frazier to second
|
Batting: RHB Phil Wright
|
0-0: Ball 1-0: Ball 2-0: Ball 3-0: Base on Balls
|
Batting: RHB Bernardo Enríquez
|
0-0: Fly out, F9 (Flyball, 9LS)
|
Top of the 8th over - 0 run(s), 1 hit(s), 0 error(s), 3 left on base; Penquannock 4 - Wilmington 2 |
BOTTOM OF THE 8TH |
Wilmington Rebels batting - Pitching for Penquannock Overrated Jeter : RHP César Villanueva
|
Now at 3B: Alfonso Hernández
|
|
Batting: LHB Larry Smith
|
0-0: Ball 1-0: Ball 2-0: Fly out, F9 (Flyball, 9S)
|
Batting: RHB Ignacio Rangel
|
0-0: Ball 1-0: Called Strike 1-1: Ball 2-1: Foul Ball, location: 2F 2-2: Foul Ball, location: 2F 2-2: Ball 3-2: Base on Balls
|
Batting: RHB Remi Eruzione
|
0-0: Ball 1-0: 2-RUN HOME RUN (Flyball, 78XD), Distance : 391 ft
|
Pinch Hitting: RHB Jessie Thompson
|
0-0: Called Strike 0-1: Ball 1-1: Swinging Strike 1-2: Strikes out swinging
|
Pinch Hitting: RHB Víctor Márquez
|
0-0: Ball 1-0: Called Strike 1-1: Called Strike 1-2: Strikes out looking
|
Bottom of the 8th over - 2 run(s), 1 hit(s), 0 error(s), 0 left on base; Penquannock 4 - Wilmington 4 |
TOP OF THE 9TH |
Penquannock Overrated Jeter batting - Pitching for Wilmington Rebels : LHP Miguel Valentín
|
Pitching: RHP Leonardo De La Garza
|
|
Now at 1B: Ivan Costello
|
|
Now in LF: Jessie Thompson
|
|
Batting: RHB José Velásquez
|
0-0: Foul Ball, location: 2F 0-1: Foul Ball, location: 2F 0-2: Ball 1-2: Ball 2-2: Foul Ball, location: 2F 2-2: Foul Ball, location: 2F 2-2: Strikes out swinging
|
Batting: LHB Pete Weber
|
0-0: Called Strike 0-1: Ball 1-1: Called Strike 1-2: Foul Ball, location: 2F 1-2: Foul Ball, location: 2F 1-2: Foul Ball, location: 2F 1-2: Ball 2-2: Fly out, F8 (Flyball, 78D)
|
Pinch Hitting: LHB Eric Powell
|
0-0: Ball 1-0: Ball 2-0: Foul Ball, location: 2F 2-1: Ball 3-1: Base on Balls
|
Batting: LHB Matt Reese
|
0-0: Ball 1-0: Called Strike 1-1: Ball 2-1: Called Strike 2-2: Foul Ball, location: 2F 2-2: Ball 3-2: TRIPLE (Line Drive, 9LD) Eric Powell scores
|
Batting: RHB Manny Perea
|
0-0: Ball 1-0: Ball 2-0: Ball 3-0: Called Strike 3-1: Ground out 5-3 (Groundball, 5)
|
Top of the 9th over - 1 run(s), 1 hit(s), 0 error(s), 1 left on base; Penquannock 5 - Wilmington 4 |
BOTTOM OF THE 9TH |
Wilmington Rebels batting - Pitching for Penquannock Overrated Jeter : RHP César Villanueva
|
Now in LF: Eric Powell
|
|
Pinch Hitting: LHB Juan Delgado
|
0-0: DOUBLE (Line Drive, 9LM)
|
Batting: RHB Sergio Moreno
|
0-0: Ball 1-0: Sac Bunt - play at first, batter OUT! 1-3 Juan Delgado to third
|
Pinch Hitting: LHB Mario Álvarez
|
0-0: Ball 1-0: Foul Ball, location: 2F 1-1: Ball 2-1: Ball 3-1: Base on Balls
|
Pinch Hitting: LHB Pedro Medine
|
0-0: Ball 1-0: Foul Ball, location: 2F 1-1: Fly out, F8 (Flyball, 8RS)
|
Batting: LHB Larry Smith
|
0-0: Ball 1-0: Called Strike 1-1: Foul Ball, location: 2F 1-2: Ball 2-2: Ball Wild Pitch! Juan Delgado scores Mario Álvarez to second 3-2: Fly out, F7 (Flyball, 7)
|
Bottom of the 9th over - 1 run(s), 1 hit(s), 0 error(s), 1 left on base; Penquannock 5 - Wilmington 5 |
TOP OF THE 10TH |
Penquannock Overrated Jeter batting - Pitching for Wilmington Rebels : RHP Leonardo De La Garza
|
Now at C: Pedro Medine
|
|
Now at 2B: Mario Álvarez
|
|
Now in RF: Juan Delgado
|
|
Batting: RHB Barton Frazier
|
0-0: Called Strike 0-1: Called Strike 0-2: Strikes out swinging
|
Pinch Hitting: SHB Francisco Ávila
|
0-0: Ball 1-0: Called Strike 1-1: Ball 2-1: Ball 3-1: Base on Balls
|
Pitching: RHP Kip Brown
|
|
Batting: RHB Phil Wright
|
0-0: Fly out, F7 (Flyball, 78XD)
|
Batting: RHB Bernardo Enríquez
|
0-0: SINGLE (Groundball, 34D) Francisco Ávila to second Runner from 2nd tries for 3rd, SAFE, throw made to third
|
Batting: RHB José Velásquez
|
0-0: Ball 1-0: Foul Ball, location: 2F 1-1: DOUBLE (Groundball, 5L) Francisco Ávila scores Bernardo Enríquez to third
|
Batting: LHB Pete Weber
|
0-0: Foul Ball, location: 2F 0-1: Called Strike 0-2: Ball 1-2: Foul Ball, location: 2F 1-2: Strikes out swinging
|
Top of the 10th over - 1 run(s), 2 hit(s), 0 error(s), 2 left on base; Penquannock 6 - Wilmington 5 |
BOTTOM OF THE 10TH |
Wilmington Rebels batting - Pitching for Penquannock Overrated Jeter : RHP César Villanueva
|
Now at 3B: António Rodríguez
|
|
Batting: RHB Ignacio Rangel
|
0-0: Foul Ball, location: 2F 0-1: Ball 1-1: Swinging Strike 1-2: Ball 2-2: Ground out 3-1 (Groundball, 34)
|
Batting: RHB Remi Eruzione
|
0-0: Called Strike 0-1: Swinging Strike 0-2: Ball 1-2: Strikes out looking
|
Batting: RHB Jessie Thompson
|
0-0: Ball 1-0: SINGLE (Flyball, 9LM)
|
Batting: LHB Ivan Costello
|
0-0: Ball 1-0: Foul Ball, location: 2F 1-1: Ball 2-1: Ball 3-1: Ground out U3 (Groundball, 3L)
|
Bottom of the 10th over - 0 run(s), 1 hit(s), 0 error(s), 1 left on base; Penquannock 6 - Wilmington 5 |
|